 Dungeon Crawl Stone Soup version 0.30-a0-6-g7c9e10e132 (webtiles) character file.

Game seed: 13437023609437420230

474 SensoryNuts the Chopper (level 6, -5/79 HPs)
             Began as a Minotaur Fighter on Aug 22, 2022.
             Slain by a troll (17 damage)
             ... on level 5 of the Dungeon.
             The game lasted 00:03:35 (4392 turns).

SensoryNuts the Chopper (Minotaur Fighter)          Turns: 4392, Time: 00:03:36

Health: -5/79      AC:  0    Str: 22    XL:     6   Next: 84%
Magic:  5/5        EV:  9    Int:  5    God:
Gold:   244        SH:  4    Dex: 10    Spells: 5/5 levels left

rFire   . . .      SeeInvis .    a - +1 war axe
rCold   . . .      Faith    .    c - +0 buckler
rNeg    . . .      Spirit   .    b - +0 scale mail
rPois   .          Reflect  .    (helmet restricted)
rElec   .          Harm     .    (no cloak)
rCorr   .          Rampage  .    (no gloves)
Will    .....                    (no boots)
Stlth   ..........               (no amulet)
HPRegen 0.23/turn                (no ring)
MPRegen 0.09/turn                (no ring)

@: berserking, corroded, very quick
A: horns 2, retaliatory headbutt
a: no special abilities


You were on level 5 of the Dungeon.
You visited 2 branches of the dungeon, and saw 6 of its levels.

You collected 244 gold pieces.

Inventory:

Hand Weapons
 a - a +1 war axe (weapon)
Armour
 b - a +0 scale mail (worn)
 c - a +0 buckler (worn)
Jewellery
 q - a ring of magical power
Scrolls
 f - 3 scrolls of immolation
 h - a scroll of blinking
 i - 2 scrolls of teleportation
 k - 2 scrolls of enchant weapon
 m - a scroll of silence {unknown}
 o - a scroll of enchant armour
 s - a scroll of magic mapping
Potions
 d - 2 potions of heal wounds
 e - a potion of attraction
 g - 4 potions of curing
 l - a potion of lignification


   Skills:
 + Level 4.6 Fighting
 * Level 6.9 Axes
 + Level 5.2 Armour
 + Level 0.9 Dodging
 + Level 0.6 Stealth
 + Level 4.3 Shields


You had 5 spell levels left.
You didn't know any spells.
Your spell library contained the following spells:

 Spells                   Type           Power      Damage    Failure   Level
 Ignite Poison            Fire/Tmut/Pois 0%         N/A       99%         3
 Mephitic Cloud           Conj/Pois/Air  0%         N/A       99%         3
 Freezing Cloud           Conj/Ice/Air   0%         6-21      100%        5


Dungeon Overview and Level Annotations

Branches:
Dungeon (5/15)             Temple (1/1) D:4

Altars:
Ashenzari
Cheibriados
Dithmenos
Elyvilon
Hepliaklqana
Kikubaaqudgha
Nemelex Xobeh
Okawaru
Qazlal
Uskayaw
Wu Jian
Xom


Innate Abilities, Weirdness & Mutations

You have a pair of horns on your head.
You reflexively headbutt those who attack you in melee.


Message History

Done exploring.
No target in view!
There is an open door here.
Things that are here:
a +0 flail; a +0 robe
There is an escape hatch in the floor here.
You slide downwards.
The hatch slams shut behind you.
Found a quarterstaff and a hand axe.
Found a stone staircase leading down.
You see here a +0 quarterstaff.
A jelly comes into view.
The jelly quivers.
The jelly moves out of view.
A gnoll, a troll and a jelly come into view.
Found a scroll of identify.
The gnoll shouts!
The troll shouts!
The jelly quivers.
You hear a shout!
A gnoll comes into view. It is wielding a +0 spear.
The jelly barely misses you.
The gnoll shouts!
You slash the jelly! The acid corrodes you!
Your hands burn!
The jelly is heavily wounded.
The jelly hits you but does no damage. The jelly hits you.
The acid corrodes you!
You are splashed with acid!
You hit the jelly but do no damage.
Your hands burn!
Your headbutt misses the jelly.
The jelly is heavily wounded.
You block the jelly's attack.
You completely miss the jelly.
The jelly is heavily wounded.
You block the jelly's attack.
You hit the jelly.
Your hands burn!
You headbutt the jelly.
You kill the jelly!
You hit the troll. You headbutt the troll.
The troll is moderately wounded.
The troll misses you. The troll claws you! x2
* * * LOW HITPOINT WARNING * * *
A red film seems to cover your vision as you go berserk!
You feel yourself moving faster!
You feel mighty! The troll bites you!
You die...

# #.....#
....... . #.....
......g #.#....#
....T?g #.#....#
.......##.#....#
.......+..)....#
.......#.>..)..#
......g####.####
#.$.gT@..#
########.# ..#
###


You could see a troll and 2 gnolls.

Vanquished Creatures
  Grinder (D:4)
  An ogre (D:4)
  A jelly (D:5)
  6 adders
  2 river rats (D:3)
  4 worms
  2 orcs
  6 endoplasms
  6 giant cockroaches
  4 hobgoblins
  6 jackals
  4 quokkas
  7 ball pythons
  4 bats
  6 frilled lizards
  7 goblins
  10 kobolds
  6 rats
  A spectral goblin (D:3)
84 creatures vanquished.

Vanquished Creatures (others)
  16 plants
16 creatures vanquished.

Grand Total: 100 creatures vanquished

Notes
Turn   | Place    | Note
-------+----------+-------------------------------------------
     0 | D:1      | SensoryNuts the Minotaur Fighter began the quest for the
                  | Orb.
     0 | D:1      | Reached XP level 1. HP: 19/19 MP: 0/0
   158 | D:1      | Reached XP level 2. HP: 26/27 MP: 1/1
   827 | D:2      | Found a faded altar of an unknown god.
   842 | D:2      | Reached XP level 3. HP: 31/33 MP: 2/2
   978 | D:2      | Reached skill level 3 in Axes
  1213 | D:2      | Found a hide-covered altar of Uskayaw.
  1771 | D:3      | Reached XP level 4. HP: 37/40 MP: 3/3
  1940 | D:3      | Reached skill level 4 in Axes
  2158 | D:3      | Found a hazy altar of Hepliaklqana.
  2287 | D:3      | Found a broken altar of Ashenzari.
  2462 | D:3      | Reached XP level 5. HP: 36/46 MP: 4/4
  2699 | D:4      | Found a staircase to the Ecumenical Temple.
  2713 | Temple   | Entered the Ecumenical Temple
  3246 | D:4      | Noticed Grinder
  3247 | D:4      | Noticed an ogre
  3253 | D:4      | HP: 1/46 [ogre/+0 giant club (22)]
  3257 | D:5      | Entered Level 5 of the Dungeon
  3753 | D:4      | Paralysed by Grinder for 5 turns
  3763 | D:4      | Killed Grinder
  3764 | D:4      | Reached skill level 6 in Axes
  3764 | D:4      | Reached skill level 5 in Armour
  3764 | D:4      | Reached XP level 6. HP: 40/53 MP: 5/5
  4384 | D:5      | Noticed a troll
  4392 | D:5      | Slain by a troll

Illustrated notes

Levels and vault maps discovered:
D:1:      minmay_arrival_arboretum_large, layout_basic
D:2:      minmay_chambers_of_ones, layout_loops_ring,
          shapermc_ecumenical_altar_notcrosses, basic_altar,
          serial_bayou_pond_a, hangedman_decor_clover_reticule,
          nicolae_wormholes
D:3:      layout_basic, nicolae_hepliaklqana_monster_ancestors,
          lemuel_tele_altar, portal_sewer_entry_b, serial_bayou_lake_a
D:4:      layout_basic, minmay_temple_entry_crystal_x, uniq_grinder
D:5:      layout_basic
Temple:   dpeg_three_leaves_temple

Skill      XL: |  1  2  3  4  5 |
---------------+----------------+-----
Armour         | 4 5 |  5.2
Axes           | 3 4 6 |  6.9
Shields        | 4 |  4.3
Fighting       | 4 |  4.6
Dodging        | |  0.9
Stealth        | |  0.6

Action                   |  1- 3 |  4- 6 || total
-------------------------+-------+-------++-------
Melee: War axe           |   107 |    75 ||   182
       Headbutt          |    17 |    11 ||    28
  Use: Scroll            |       |     9 ||     9
       Potion            |       |     9 ||     9
Armor: Scale mail        |    49 |    22 ||    71
       Skin              |       |     2 ||     2
Dodge: Dodged            |    43 |    39 ||    82
Block: Buckler           |    20 |    19 ||    39

Table legend: (Time is in decaauts)
 A = Elapsed time spent in this place.
 B = Non-inter-level travel time spent in this place.
 C = Inter-level travel time spent in this place.
 D = Time resting spent in this place.
 E = Time spent auto-exploring this place.
 F = Levels seen in this place.
 G = Mean time per level.
                   A        B        C        D        E       F      G
               +--------+--------+--------+--------+--------+-----+--------+
         Total |   4487 |   4315 |    172 |    845 |   2845 |   6 |  747.8 |
       Dungeon |   4297 |   4125 |    172 |    745 |   2787 |   5 |  859.4 |
        Temple |    189 |    189 |      0 |    100 |     58 |   1 |  189.0 |
               +--------+--------+--------+--------+--------+-----+--------+

Top non-repeatable levels by time:
     D:4: 1098 daAuts
     D:2: 1017 daAuts
     D:3: 885 daAuts
     D:1: 784 daAuts
     D:5: 511 daAuts
  Temple: 189 daAuts
